TOP OF THE 1ST |
Los Angeles Dodgers batting - Pitching for Seattle Mariners : LHP Joe Hincks
|
Pitching: LHP Joe Hincks
|
|
Batting: RHB Nate Taylor
|
0-0: Ball 1-0: Ball 2-0: Called Strike 2-1: Ball 3-1: Swinging Strike 3-2: Fly out, F8 (Flyball, 8RD, EV 100.6 MPH)
|
Batting: RHB Wing-kit Bu
|
0-0: Ground out 1-3 (Groundball, 13S, EV 62.5 MPH)
|
Batting: LHB Lirak Bazhunaishvili
|
0-0: Fly out, F8 (Flyball, 8LD, EV 101.2 MPH)
|
Top of the 1st over - 0 runs, 0 hits, 0 errors, 0 left on base; Los Angeles 0 - Seattle 0 |
BOTTOM OF THE 1ST |
Seattle Mariners batting - Pitching for Los Angeles Dodgers : RHP Ray Scifo
|
Pitching: RHP Ray Scifo
|
|
Batting: LHB Dae-ik Yoon
|
0-0: Ball 1-0: Ball 2-0: Ball 3-0: Base on Balls
|
Batting: SHB Floyd-William Goof
|
0-0: Foul Ball, location: 2F 0-1: Foul Ball, location: 2F 0-2: Fly out, F5 (Popup, 5S, EV 82.5 MPH)
|
Batting: RHB Willie Cardamone
|
0-0: Foul Ball, location: 2F 0-1: Fielders Choice at 2nd, 4-6 (Groundball, 34, EV 90.6 MPH)
|
Batting: SHB Tze-meng Gan
|
0-0: Ball 1-0: Fielders Choice at 2nd, 6-4 (Groundball, 6, EV 80.6 MPH)
|
Bottom of the 1st over - 0 runs, 0 hits, 0 errors, 1 left on base; Los Angeles 0 - Seattle 0 |
TOP OF THE 2ND |
Los Angeles Dodgers batting - Pitching for Seattle Mariners : LHP Joe Hincks
|
Batting: SHB Joel Baker
|
0-0: Called Strike 0-1: Called Strike 0-2: Ball 1-2: Strikes out looking
|
Batting: RHB Clay Buchanan
|
0-0: Swinging Strike 0-1: Swinging Strike 0-2: Foul Ball, location: 2F 0-2: Strikes out swinging
|
Batting: RHB Danny Dyer
|
0-0: Ball 1-0: Foul Ball, location: 2F 1-1: SINGLE (Groundball, 6MD, EV 95.6 MPH)
|
Batting: RHB Tsutomu Irie
|
0-0: Ball 1-0: Swinging Strike 1-1: Fly out, F8 (Flyball, 8LS, EV 85.6 MPH)
|
Top of the 2nd over - 0 runs, 1 hit, 0 errors, 1 left on base; Los Angeles 0 - Seattle 0 |
BOTTOM OF THE 2ND |
Seattle Mariners batting - Pitching for Los Angeles Dodgers : RHP Ray Scifo
|
Batting: LHB Bi-jun Chien
|
0-0: Ball 1-0: Called Strike 1-1: Foul Ball, location: 2F 1-2: Foul Ball, location: 2F 1-2: Fly out, F8 (Flyball, 8RD, EV 100.6 MPH)
|
Batting: RHB Jose Vasquez
|
0-0: Ball 1-0: Ball 2-0: Ball 3-0: Base on Balls
|
Batting: RHB Steve Bartman Jr.
|
0-0: Ball 1-0: Foul Ball, location: 2F 1-1: Ball 2-1: Ball 3-1: DOUBLE (Line Drive, 3D, EV 96.2 MPH) Jose Vasquez to third
|
Batting: RHB Corey Ottinger
|
0-0: Ball 1-0: Ball 2-0: Ball 3-0: Swinging Strike 3-1: Foul Ball, location: 2F 3-2: Base on Balls
|
Batting: RHB Young-kwang Ohnn
|
0-0: Fly out, F9 (Flyball, 9LS, EV 88.8 MPH)
|
Batting: LHB Dae-ik Yoon
|
0-0: Called Strike 0-1: Ball 1-1: Ball 2-1: DOUBLE (Line Drive, 9LD, EV 99.4 MPH) Jose Vasquez scores Steve Bartman Jr. scores Corey Ottinger to third Runner from 3rd tries for Home, SAFE, throw by RF to home
|
Batting: SHB Floyd-William Goof
|
0-0: Called Strike 0-1: Ball 1-1: SINGLE (Line Drive, 78S, EV 106.2 MPH) Dae-ik Yoon to third
|
Batting: RHB Willie Cardamone
|
0-0: Ball 1-0: Swinging Strike 1-1: Fly out, F7 (Flyball, 7LS, EV 78.8 MPH)
|
Bottom of the 2nd over - 3 runs, 3 hits, 0 errors, 2 left on base; Los Angeles 0 - Seattle 3 |
TOP OF THE 3RD |
Los Angeles Dodgers batting - Pitching for Seattle Mariners : LHP Joe Hincks
|
Batting: LHB Chris Ringwood
|
0-0: Called Strike 0-1: Ground out 6-3 (Groundball, 6MS, EV 68.8 MPH)
|
Batting: RHB Ben Mischnick
|
0-0: Foul Ball, location: 2F 0-1: Ball 1-1: Swinging Strike 1-2: Ball 2-2: DOUBLE (Groundball, 5L, EV 98.8 MPH)
|
Batting: RHB Nate Taylor
|
0-0: Ball 1-0: Called Strike 1-1: Foul Ball, location: 2F 1-2: Ground out 6-3 (Groundball, 6, EV 103.8 MPH)
|
Batting: RHB Wing-kit Bu
|
0-0: Called Strike 0-1: Ball 1-1: Fly out, F8 (Flyball, 89XD, EV 100.6 MPH)
|
Top of the 3rd over - 0 runs, 1 hit, 0 errors, 1 left on base; Los Angeles 0 - Seattle 3 |
BOTTOM OF THE 3RD |
Seattle Mariners batting - Pitching for Los Angeles Dodgers : RHP Ray Scifo
|
Batting: SHB Tze-meng Gan
|
0-0: Called Strike 0-1: Foul Ball, location: 2F 0-2: Ball 1-2: Ball 2-2: Foul Ball, location: 2F 2-2: Foul Ball, location: 2F 2-2: Ball 3-2: Strikes out swinging
|
Batting: LHB Bi-jun Chien
|
0-0: Called Strike 0-1: Ball 1-1: SINGLE (Groundball, 25, EV 67.5 MPH) (infield hit)
|
Batting: RHB Jose Vasquez
|
0-0: Called Strike 0-1: Ball 1-1: Swinging Strike 1-2: Ball 2-2: Ground out 5-3 (Groundball, 5S, EV 70.6 MPH) Bi-jun Chien to second
|
Batting: RHB Steve Bartman Jr.
|
0-0: Called Strike 0-1: Called Strike 0-2: Ball 1-2: Ball 2-2: Foul Ball, location: 2F 2-2: Ground out 4-3 (Groundball, 34, EV 110.0 MPH)
|
Bottom of the 3rd over - 0 runs, 1 hit, 0 errors, 1 left on base; Los Angeles 0 - Seattle 3 |
TOP OF THE 4TH |
Los Angeles Dodgers batting - Pitching for Seattle Mariners : LHP Joe Hincks
|
Batting: LHB Lirak Bazhunaishvili
|
0-0: Called Strike 0-1: Called Strike 0-2: Ball 1-2: Fly out, F7 (Flyball, 7LS, EV 88.1 MPH)
|
Batting: SHB Joel Baker
|
0-0: Foul Ball, location: 2F 0-1: Called Strike 0-2: Ball 1-2: SINGLE (Line Drive, 8RS, EV 98.8 MPH)
|
Batting: RHB Clay Buchanan
|
0-0: Called Strike 0-1: Ball 1-1: Ball 2-1: Grounds into double play, 5-4-3 (Groundball, 56, EV 95.6 MPH)
|
Top of the 4th over - 0 runs, 1 hit, 0 errors, 0 left on base; Los Angeles 0 - Seattle 3 |
BOTTOM OF THE 4TH |
Seattle Mariners batting - Pitching for Los Angeles Dodgers : RHP Ray Scifo
|
Batting: RHB Corey Ottinger
|
0-0: Fly out, F8 (Flyball, 8RXD, EV 94.4 MPH)
|
Batting: RHB Young-kwang Ohnn
|
0-0: Foul Ball, location: 2F 0-1: SINGLE (Line Drive, 34, EV 94.4 MPH)
|
Batting: LHB Dae-ik Yoon
|
0-0: Ball 1-0: Called Strike 1-1: TRIPLE (Line Drive, 8LXD, EV 106.9 MPH) Young-kwang Ohnn scores
|
Batting: SHB Floyd-William Goof
|
0-0: SINGLE (Groundball, 3S, EV 66.9 MPH) (infield hit) Dae-ik Yoon scores
|
Pitching: RHP Miguel Arguello
|
|
Batting: RHB Willie Cardamone
|
0-0: Called Strike Floyd-William Goof steals 2nd base 0-1: Ball 1-1: Called Strike 1-2: Fly out, F8 (Flyball, 78XD, EV 97.5 MPH) Runner from 2nd tags up, SAFE at 3rd, no throw by CF
|
Batting: SHB Tze-meng Gan
|
0-0: DOUBLE (Flyball, 89D, EV 99.4 MPH) Floyd-William Goof scores
|
Batting: LHB Bi-jun Chien
|
0-0: Ball 1-0: Called Strike 1-1: Ball 2-1: Ball 3-1: Ground out 4-3 (Groundball, 4, EV 86.2 MPH)
|
Bottom of the 4th over - 3 runs, 4 hits, 0 errors, 1 left on base; Los Angeles 0 - Seattle 6 |
TOP OF THE 5TH |
Los Angeles Dodgers batting - Pitching for Seattle Mariners : LHP Joe Hincks
|
Batting: RHB Danny Dyer
|
0-0: Ground out 1-3 (Groundball, 34S, EV 73.8 MPH)
|
Batting: RHB Tsutomu Irie
|
0-0: Swinging Strike 0-1: Called Strike 0-2: Strikes out swinging
|
Batting: LHB Chris Ringwood
|
0-0: Ball 1-0: Called Strike 1-1: Fly out, F9 (Flyball, 89S, EV 87.5 MPH)
|
Top of the 5th over - 0 runs, 0 hits, 0 errors, 0 left on base; Los Angeles 0 - Seattle 6 |
BOTTOM OF THE 5TH |
Seattle Mariners batting - Pitching for Los Angeles Dodgers : RHP Miguel Arguello
|
Batting: RHB Jose Vasquez
|
0-0: Called Strike 0-1: Foul Ball, location: 2F 0-2: Ground out 6-3 (Groundball, 6M, EV 98.1 MPH)
|
Batting: RHB Steve Bartman Jr.
|
0-0: Called Strike 0-1: DOUBLE (Line Drive, 9LM, EV 103.1 MPH)
|
Batting: RHB Corey Ottinger
|
0-0: Foul Ball, location: 2F 0-1: Called Strike Steve Bartman Jr. steals 3rd base 0-2: Ball 1-2: Foul Ball, location: 2F 1-2: Ball 2-2: DOUBLE (Flyball, 8LXD, EV 105.0 MPH) Steve Bartman Jr. scores
|
Batting: RHB Young-kwang Ohnn
|
0-0: Ball 1-0: Called Strike 1-1: Ball 2-1: Foul Ball, location: 2F 2-2: Strikes out swinging
|
Batting: LHB Dae-ik Yoon
|
0-0: Ball 1-0: Called Strike 1-1: Ball 2-1: Ground out 4-3 (Groundball, 4D, EV 105.6 MPH)
|
Bottom of the 5th over - 1 run, 2 hits, 0 errors, 1 left on base; Los Angeles 0 - Seattle 7 |
TOP OF THE 6TH |
Los Angeles Dodgers batting - Pitching for Seattle Mariners : LHP Joe Hincks
|
Batting: RHB Ben Mischnick
|
0-0: Ball 1-0: Foul Ball, location: 2F 1-1: Ball 2-1: Ground out 4-3 (Groundball, 4, EV 82.5 MPH)
|
Batting: RHB Nate Taylor
|
0-0: Ball 1-0: Foul Ball, location: 2F 1-1: Ground out 5-3 (Groundball, 56S, EV 84.4 MPH)
|
Batting: RHB Wing-kit Bu
|
0-0: Foul Ball, location: 2F 0-1: Ball 1-1: DOUBLE (Line Drive, 3D, EV 95.0 MPH)
|
Batting: LHB Lirak Bazhunaishvili
|
0-0: Ball 1-0: Ball 2-0: Ground out 5-3 (Groundball, 5L, EV 81.2 MPH)
|
Top of the 6th over - 0 runs, 1 hit, 0 errors, 1 left on base; Los Angeles 0 - Seattle 7 |
BOTTOM OF THE 6TH |
Seattle Mariners batting - Pitching for Los Angeles Dodgers : RHP Miguel Arguello
|
Batting: SHB Floyd-William Goof
|
0-0: Ball 1-0: Foul Ball, location: 2F 1-1: Swinging Strike 1-2: Ball 2-2: Strikes out swinging
|
Batting: RHB Willie Cardamone
|
0-0: Called Strike 0-1: Ball 1-1: Ground out 4-3 (Groundball, 4S, EV 73.1 MPH)
|
Batting: SHB Tze-meng Gan
|
0-0: Ball 1-0: Called Strike 1-1: Ball 2-1: Foul Ball, location: 2F 2-2: Strikes out swinging
|
Bottom of the 6th over - 0 runs, 0 hits, 0 errors, 0 left on base; Los Angeles 0 - Seattle 7 |
TOP OF THE 7TH |
Los Angeles Dodgers batting - Pitching for Seattle Mariners : LHP Joe Hincks
|
Batting: SHB Joel Baker
|
0-0: Ball 1-0: Ground out 5-3 (Groundball, 5, EV 84.4 MPH)
|
Pitching: LHP Lance Crumpton
|
|
Batting: RHB Clay Buchanan
|
0-0: Ball 1-0: Called Strike 1-1: Swinging Strike 1-2: Ball 2-2: Ball 3-2: SINGLE (Groundball, 56D, EV 93.8 MPH)
|
Pinch Hitting: RHB Edwin Soto
|
0-0: Ball 1-0: Foul Ball, location: 2F 1-1: DOUBLE (Groundball, 3L, EV 97.5 MPH) Clay Buchanan to third
|
Batting: RHB Tsutomu Irie
|
0-0: Called Strike 0-1: Ball 1-1: Swinging Strike 1-2: Strikes out swinging
|
Pinch Hitting: RHB Isaiah Yarbrough
|
0-0: Ball 1-0: Swinging Strike 1-1: Foul Ball, location: 2F 1-2: Ball 2-2: Ball 3-2: Foul Ball, location: 2F 3-2: Fly out, F4 (Popup, 34S, EV 81.9 MPH)
|
Top of the 7th over - 0 runs, 2 hits, 0 errors, 2 left on base; Los Angeles 0 - Seattle 7 |
BOTTOM OF THE 7TH |
Seattle Mariners batting - Pitching for Los Angeles Dodgers : RHP Miguel Arguello
|
Now at 1B: Edwin Soto
|
|
Now in LF: Wing-kit Bu
|
|
Now in RF: Isaiah Yarbrough
|
|
Batting: LHB Bi-jun Chien
|
0-0: Ball 1-0: Ball 2-0: Fly out, F9 (Flyball, 89D, EV 101.2 MPH)
|
Batting: RHB Jose Vasquez
|
0-0: Foul Ball, location: 2F 0-1: Ball 1-1: Foul Ball, location: 2F 1-2: Ball 2-2: Ball 3-2: Foul Ball, location: 2F 3-2: SINGLE (Groundball, 6D, EV 94.4 MPH)
|
Pitching: RHP Taylor Drews
|
|
Batting: RHB Steve Bartman Jr.
|
0-0: Ball 1-0: Ball 2-0: Foul Ball, location: 2F 2-1: Grounds into double play, 5-4-3 (Groundball, 56S, EV 93.8 MPH)
|
Bottom of the 7th over - 0 runs, 1 hit, 0 errors, 0 left on base; Los Angeles 0 - Seattle 7 |
TOP OF THE 8TH |
Los Angeles Dodgers batting - Pitching for Seattle Mariners : LHP Lance Crumpton
|
Batting: RHB Ben Mischnick
|
0-0: Ball 1-0: Foul Ball, location: 2F 1-1: Ball 2-1: Swinging Strike 2-2: Fly out, F9 (Flyball, 9LM, EV 86.2 MPH)
|
Batting: RHB Nate Taylor
|
0-0: Called Strike 0-1: Ball 1-1: Called Strike 1-2: Ball 2-2: Ball 3-2: Foul Ball, location: 2F 3-2: Strikes out swinging
|
Batting: RHB Wing-kit Bu
|
0-0: Called Strike 0-1: Ball 1-1: Swinging Strike 1-2: Ball 2-2: Reached via error on a dropped throw from 1B, E1 (Groundball, 34S, EV 81.2 MPH)
|
Batting: LHB Lirak Bazhunaishvili
|
0-0: SINGLE (Line Drive, 7S, EV 85.0 MPH) Wing-kit Bu to second
|
Batting: SHB Joel Baker
|
0-0: Ball 1-0: Called Strike 1-1: Foul Ball, location: 2F 1-2: Strikes out looking
|
Top of the 8th over - 0 runs, 1 hit, 1 error, 2 left on base; Los Angeles 0 - Seattle 7 |
BOTTOM OF THE 8TH |
Seattle Mariners batting - Pitching for Los Angeles Dodgers : RHP Taylor Drews
|
Batting: RHB Corey Ottinger
|
0-0: Ball 1-0: Ball 2-0: Called Strike 2-1: Called Strike 2-2: DOUBLE (Flyball, 8LXD, EV 96.2 MPH)
|
Batting: RHB Young-kwang Ohnn
|
0-0: Fly out, F9 (Flyball, 89M, EV 79.4 MPH)
|
Batting: LHB Dae-ik Yoon
|
0-0: Called Strike 0-1: Ball 1-1: Swinging Strike 1-2: DOUBLE (Line Drive, 7LD, EV 105.6 MPH) Corey Ottinger scores
|
Batting: SHB Floyd-William Goof
|
0-0: Called Strike 0-1: SINGLE (Groundball, 34S, EV 70.6 MPH) (infield hit) Dae-ik Yoon to third
|
Batting: RHB Willie Cardamone
|
0-0: SINGLE (Flyball, 89S, EV 92.5 MPH) Dae-ik Yoon scores Floyd-William Goof to second
|
Batting: SHB Tze-meng Gan
|
0-0: Called Strike 0-1: Ball 1-1: 3-RUN HOME RUN (Line Drive, 8LXD, EV 113.8 MPH), Distance : 415 ft
|
Pitching: RHP Chut-sai Teoh
|
|
Batting: LHB Bi-jun Chien
|
0-0: Called Strike 0-1: Ball 1-1: Ball 2-1: TRIPLE (Flyball, 89XD, EV 99.4 MPH)
|
Batting: RHB Jose Vasquez
|
0-0: Foul Ball, location: 2F 0-1: Foul Ball, location: 2F 0-2: Foul Ball, location: 2F 0-2: Fly out, F5 (Line Drive, 5, EV 66.2 MPH)
|
Batting: RHB Steve Bartman Jr.
|
0-0: Called Strike 0-1: SINGLE (Line Drive, 6MD, EV 103.1 MPH) Bi-jun Chien scores
|
Batting: RHB Corey Ottinger
|
0-0: Called Strike 0-1: Swinging Strike 0-2: Ball 1-2: Strikes out swinging
|
Bottom of the 8th over - 6 runs, 7 hits, 0 errors, 1 left on base; Los Angeles 0 - Seattle 13 |
TOP OF THE 9TH |
Los Angeles Dodgers batting - Pitching for Seattle Mariners : LHP Lance Crumpton
|
Pitching: LHP David Anaya
|
|
Batting: RHB Clay Buchanan
|
0-0: Called Strike 0-1: Swinging Strike 0-2: Ball 1-2: Ball 2-2: Ball 3-2: Foul Ball, location: 2F 3-2: SOLO HOME RUN (Flyball, 9LD, EV 95.6 MPH), Distance : 355 ft
|
Batting: RHB Edwin Soto
|
0-0: Called Strike 0-1: Ball 1-1: Ground out U3 (Groundball, 34S, EV 82.5 MPH)
|
Batting: RHB Tsutomu Irie
|
0-0: Ball 1-0: Swinging Strike 1-1: Ball 2-1: Fly out, F9 (Flyball, 9S, EV 71.2 MPH)
|
Batting: RHB Isaiah Yarbrough
|
0-0: Ball 1-0: Foul Ball, location: 2F 1-1: Swinging Strike 1-2: Foul Ball, location: 2F 1-2: Foul Ball, location: 2F 1-2: Foul Ball, location: 2F 1-2: Ball 2-2: Ground out 5-3 (Groundball, 5S, EV 78.1 MPH)
|
Top of the 9th over - 1 run, 1 hit, 0 errors, 0 left on base; Los Angeles 1 - Seattle 13 |
|